Match 45280088
Unlisted

Match 45280088
End
Construct Barracks
Riflemen Squad
Riflemen Squad
Riflemen Squad
Construct Medical Station
Infantry Support Center
Selects Advanced Infantry Battlegroup
Selects Convert to Ranger Squad
Ranger Squad
Construct Motor Pool
M8 Greyhound Armored Car
Engineer Squad
Selects Ammunition Storage
Selects M2A1 105mm Howitzer Emplacement
Selects Designate Assault Position
Selects 155mm Rapid Artillery Barrage
155mm Rapid Artillery Barrage
Construct Tank Depot
Alstreim
Gunther
Rolling9Deep
MoronPark-四海云水怒
0
0

Comments sign in to comment!

No comments posted yet!